 Dungeon Crawl Stone Soup version 0.20.1-1-g8b1a95d (webtiles) character file.

85 Inchmeat the Poker (level 4, 0/33 HPs)
             Began as a Merfolk Skald on Nov 27, 2017.
             Slain by a hound (4 damage)
             ... on level 5 of the Dungeon.
             The game lasted 00:04:25 (2502 turns).

Inchmeat the Poker (Merfolk Skald)                  Turns: 2502, Time: 00:04:26

Health: 0/33       AC:  4    Str: 12    XL:     4   Next: 48%
Magic:  7/7        EV: 12    Int: 12    God:
Gold:   72         SH:  0    Dex: 13    Spells: 6/7 levels left

rFire    . . .     SeeInvis .   a - +0 spear
rCold    . . .     Gourm    .   (no shield)
rNeg     . . .     Faith    .   b - +0 leather armour
rPois    .         Spirit   .   k - +1 hat
rElec    .         Reflect  .   (no cloak)
rCorr    .         Harm     .   (no gloves)
MR       .....                  (no boots)
Stlth    +.........             (no amulet)
Regen    0.2/turn               (no ring)
MPRegen  0.1/turn               (no ring)

@: no status effects
A: change form in water, swift swim, stealthy swim
a: no special abilities


You were on level 5 of the Dungeon.
You were very hungry.

You visited 1 branch of the dungeon, and saw 5 of its levels.

You collected 72 gold pieces.

Inventory:

Hand Weapons
 a - a +0 spear (weapon)
Armour
 b - a +0 leather armour (worn)
 k - a +1 hat (worn)
Books
 c - a book of Battle

   Spells                             Type                      Level
   a - Infusion                       Charms                       1
   b - Shroud of Golubria             Charms/Translocation         2
   c - Song of Slaying                Charms                       2
   d - Spectral Weapon                Hexes/Charms                 3
   e - Regeneration                   Charms/Necromancy            3
Comestibles
 d - a bread ration
 f - 2 meat rations
 h - a royal jelly


   Skills:
 - Level 2.1 Fighting
 * Level 6.4 Polearms
 - Level 0.6 Armour
 - Level 2.6 Dodging
 * Level 1.0 Stealth
 - Level 2.0 Spellcasting
 - Level 3.2 Charms


You had 6 spell levels left.
You knew the following spells:

 Your Spells              Type           Power        Failure   Level  Hunger
a - Infusion              Chrm           #...         9%          1    ##.....


Dungeon Overview and Level Annotations

Branches:
Dungeon (5/15)
 Temple: D:4-7

Altars:
Hepliaklqana

Annotations:
D:2 Sigmund, Terence
D:3 Natasha


Message History

Ye be startin' ta lose yer buoyancy.
Tha hound bites ye but does nay damage.
Tha hound misses ye.
Tha iguana hisses menacin'ly.
Tha quokka bites ye but does nay damage.
Tha hound barely misses ye.
Tha quokka closely misses ye.
Tha quokka barely misses ye.
Tha hound closely misses ye.
Tha quokka bites ye.
* * * LOW HITPOINT WARNIN'
* * * Ye float gracefully downwards.
Tha hound bites ye.
* * * LOW HITPOINT WARNIN'
* * * Tha hound barely misses ye.
Tha quokka bites ye.
* * * LOW HITPOINT WARNIN'
* * * Tha hound bites ye but does nay damage.
Ye ar'n't carryin' any potions.
Unknown command.
As ye read tha scroll labeled NIMOARRAHU, it crumbles ta dust.
Ye feel blessed fer a momn't.
It was a scroll o' remove curse.
Tha hound bites ye.
Ye die...

### #.. #.#
#.# #.# #.#
#@# #h####
#.##.######
##rl.lS<...#
+..S....##.#
##.....###.#
#.##..# #l#
#.###.# #S#
#.###.###.#


You could see an iguana, a hound, an adder and a quokka.

Vanquished Creatures
  3 adders
  An ooze (D:1)
  A worm (D:1)
  3 dart slugs
  A leopard gecko (D:2)
  3 bats (D:1)
  2 giant cockroaches (D:1)
  4 goblins
  5 hobgoblins (D:1)
  10 jackals
  A quokka (D:3)
  2 kobolds
  4 rats
40 creatures vanquished.

Notes
Turn   | Place    | Note
-------+----------+-------------------------------------------
     0 | D:1      | Inchmeat the Merfolk Skald began the quest for the Orb.
     0 | D:1      | Reached XP level 1. HP: 16/16 MP: 3/3
   329 | D:1      | Reached skill level 4 in Polearms
   329 | D:1      | Reached XP level 2. HP: 18/22 MP: 5/5
   746 | D:1      | Reached skill level 5 in Polearms
   746 | D:1      | Reached XP level 3. HP: 27/27 MP: 4/6
  1188 | D:2      | Reached skill level 6 in Polearms
  1344 | D:2      | Reached XP level 4. HP: 25/33 MP: 5/7
  1382 | D:2      | Noticed Terence
  1935 | D:2      | Noticed Sigmund
  2242 | D:3      | Found a hazy altar of Hepliaklqana.
  2319 | D:3      | Reached skill level 1 in Stealth
  2342 | D:3      | Noticed Natasha
  2478 | D:5      | Entered Level 5 of the Dungeon
  2502 | D:5      | Slain by a hound

Skill      XL: |  1  2  3  4 |
---------------+-------------+-----
Polearms       | 4 5 6 |  6.4
Stealth        | 1 |  1.0
Fighting       | |  2.1
Armour         | |  0.6
Dodging        | |  2.6
Spellcasting   | |  2.0
Charms         | |  3.2

Action                   |  1- 3 |  4- 6 || total
-------------------------+-------+-------++-------
Melee: Spear             |   101 |    55 ||   156
 Cast: Infusion          |     7 |     7 ||    14
  Use: Scroll            |     1 |     2 ||     3
       Potion            |       |     2 ||     2
 Stab: Sleeping          |     3 |     1 ||     4
       Distracted        |     1 |       ||     1
  Eat: Chunk             |     1 |     3 ||     4
Armor: Leather armour    |    15 |    16 ||    31
Dodge: Dodged            |    48 |    57 ||   105
